 Dungeon Crawl Stone Soup version 0.21.1-1-g345015f (webtiles) character file.

1741 empire the Carver (level 8, -1/102 HPs)
             Began as a Minotaur Fighter on Apr 24, 2018.
             Killed by divine providence
             ... invoked by an orc priest
              (10 damage)
             ... on level 6 of the Dungeon.
             The game lasted 00:13:06 (4585 turns).

empire the Carver (Minotaur Fighter)                Turns: 4585, Time: 00:13:06

Health: -1/102     AC: 24    Str: 23    XL:     8   Next: 77%
Magic:  8/8        EV:  2    Int:  5    God:
Gold:   101        SH: 11    Dex: 15    Spells: 7/7 levels left

rFire    + . .     SeeInvis .   a - +0 long sword
rCold    + . .     Gourm    .   c - +0 shield
rNeg     + + +     Faith    .   (armour currently unavailable)
rPois    +         Spirit   .   (helmet currently unavailable)
rElec    +         Reflect  .   (cloak currently unavailable)
rCorr    +         Harm     .   (gloves currently unavailable)
MR       .....     NoTele   +   (boots currently unavailable)
Stlth    ++........             (no amulet)
HPRegen  0.27/turn              (no ring)
MPRegen  0.11/turn              (no ring)

@: agile, tree-form, resistant, hasted, very quick
A: (retaliatory headbutt)
a: no special abilities


You were on level 6 of the Dungeon.
You were very hungry.
You were a tree.
You visited 1 branch of the dungeon, and saw 6 of its levels.

You collected 227 gold pieces.
You spent 126 gold pieces at shops.

Inventory:

Hand Weapons
 a - a +0 long sword (weapon)
 b - a +0 hunting sling of flaming
 w - a cursed -3 hunting sling
 A - a +6 club
Missiles
 F - 93 sling bullets
Armour
 c - a +0 shield (worn)
 h - a +2 pair of gloves of dexterity (melded)
 m - a +0 plate armour
 I - a +0 cloak (melded)
 K - a +0 chain mail (melded)
Jewellery
 e - a cursed ring of loudness {unknown}
 n - an uncursed ring of protection from cold {unknown}
 p - a +2 ring of slaying {unknown}
 x - an uncursed ring of stealth {unknown}
 B - an uncursed amulet of the gourmand {unknown}
Wands
 r - a wand of disintegration (8)
 y - a wand of polymorph (12)
 D - a wand of paralysis (7)
Scrolls
 l - 2 scrolls of enchant armour
 s - a scroll of remove curse
 z - 3 scrolls of teleportation
 C - a scroll of identify
Potions
 i - a potion of flight {unknown}
 o - a potion of ambrosia {unknown}
 q - 2 potions of cancellation
 t - a potion of curing {unknown}
 u - a potion of lignification
 J - a potion of brilliance
Books
 j - a book of Callings

   Spells                             Type                      Level
   a - Summon Small Mammal            Summoning                    1
   b - Call Imp                       Summoning                    2
   c - Call Canine Familiar           Summoning                    3
   d - Summon Guardian Golem          Hexes/Summoning              3
   e - Summon Lightning Spire         Summoning/Air                4
   f - Summon Ice Beast               Ice/Summoning                4
Comestibles
 f - 9 rations


   Skills:
 - Level 5.0 Fighting
 * Level 8.3 Long Blades
 + Level 2.4 Slings
 + Level 6.6 Armour
 + Level 4.7 Dodging
 + Level 6.6 Shields
 + Level 1.6 Evocations


You had 7 spell levels left.
You didn't know any spells.

Dungeon Overview and Level Annotations

Branches:
Dungeon (6/15)
 Temple: D:4-7

Altars:
Xom

Shops:
D:5 }   D:6 [


Innate Abilities, Weirdness & Mutations

((You reflexively headbutt those who attack you in melee.))
((You have a pair of horns on your head.))


Message History

Okay, then.
Unknown command.
As you read the scroll labeled XAHONI XIK YRU, it crumbles to dust.
The scroll dissolves into smoke.
It was a scroll of fog.
As you read the scroll labeled XIOFRO ZYIDOGO, it crumbles to dust.
It is a scroll of amnesia.
You feel forgetful for a moment. You block the orc warrior's attack.
You barely miss the orc warrior.
The orc warrior is heavily wounded.
It was a potion of agility.
You feel agile all of a sudden. You block the orc warrior's attack.
It was a potion of resistance.
You feel protected.
You hit the orc warrior but do no damage.
The orc warrior is heavily wounded.
You hear a distant slurping noise.
The orc priest calls down the wrath of Beogh upon you.
Beogh smites you!
You die...

# # #.#.# ## ...# .###
#..# ...# # #..# .#.#
#.##..# . ##.# #.....##
...
.#.#########..§####o....
..............§§♣ooo....
.#.#########..§####.....
...# #....## ... ...#
#.#### . ..## #. .## #
.# .# .#


You could see an orc warrior and an orc priest.

Vanquished Creatures
  The ghost of Culex the Covered, a novice BaFi of Trog (D:6)
  Grinder (D:3)
  A water moccasin (D:5)
  A sky beast (D:6)
  An ogre (D:4)
  A centaur (D:5)
  A water moccasin zombie (D:5)
  A scorpion (D:5)
  A howler monkey (D:4)
  An orc priest (D:5)
  A gnoll shaman (D:5)
  2 iguanas (D:6)
  3 orc wizards
  6 worker ants
  A hound skeleton (D:5)
  Robin (D:3)
  5 gnolls (D:5)
  6 adders
  A shadow imp (D:6)
  5 oozes (D:1)
  An adder skeleton (D:4)
  4 worms
  2 dart slugs
  2 leopard geckos
  14 orcs
  10 giant cockroaches
  23 goblins
  15 hobgoblins
  9 jackals
  8 kobolds
  4 quokkas
  A ball python (D:1)
  8 bats
  5 frilled lizards
  A quokka skeleton (D:4)
  9 rats
157 creatures vanquished.

Notes
Turn   | Place    | Note
-------+----------+-------------------------------------------
     0 | D:1      | empire the Minotaur Fighter began the quest for the Orb.
     0 | D:1      | Reached XP level 1. HP: 19/19 MP: 0/0
     1 | D:1      | Found a runed door.
    48 | D:1      | Reached XP level 2. HP: 20/26 MP: 1/1
   209 | D:1      | Reached skill level 3 in Long Blades
   341 | D:1      | Reached skill level 1 in Dodging
   487 | D:2      | Reached XP level 3. HP: 31/31 MP: 2/2
   562 | D:2      | Found a shimmering altar of Xom.
   808 | D:2      | Reached XP level 4. HP: 25/39 MP: 3/3
   989 | D:3      | Noticed Grinder
   991 | D:3      | Reached skill level 4 in Long Blades
   997 | D:3      | Killed Grinder
   997 | D:3      | Reached skill level 5 in Long Blades
   997 | D:3      | Reached XP level 5. HP: 25/45 MP: 4/4
   997 | D:3      | Reached XP level 6. HP: 29/51 MP: 5/5
  1263 | D:3      | Reached skill level 5 in Shields
  1363 | D:3      | Reached skill level 5 in Armour
  1444 | D:3      | Noticed Robin
  1462 | D:3      | Killed Robin
  2172 | D:4      | Reached skill level 6 in Long Blades
  2245 | D:4      | Reached XP level 7. HP: 39/58 MP: 6/6
  2901 | D:5      | Entered Level 5 of the Dungeon
  3322 | D:5      | Reached skill level 7 in Long Blades
  3422 | D:5      | Found Xenk's Gadget Shop.
  3428 | D:5      | Reached XP level 8. HP: 61/67 MP: 7/7
  3536 | D:5      | Reached skill level 1 in Slings
  3778 | D:5      | Bought a wand of paralysis (7) for 126 gold pieces
  3986 | D:6      | Found Pody's Antique Armour Boutique.
  4067 | D:6      | Reached skill level 5 in Fighting
  4249 | D:6      | Noticed Culex's ghost (novice BaFi)
  4285 | D:6      | Killed Culex's ghost
  4285 | D:6      | Reached skill level 8 in Long Blades
  4285 | D:6      | Reached skill level 1 in Evocations
  4585 | D:6      | Killed from afar by an orc priest

Skill      XL: |  1  2  3  4  5  6  7  8 |
---------------+-------------------------+-----
Long Blades    | 3 5 6 7 8 |  8.3
Dodging        | 1 2 3 4 |  4.7
Armour         | 4 5 6 |  6.6
Shields        | 4 5 6 |  6.6
Fighting       | 4 5 |  5.0
Slings         | 2 |  2.4
Evocations     | 1 |  1.6

Action                   |  1- 3 |  4- 6 |  7- 9 || total
-------------------------+-------+-------+-------++-------
Melee: Long sword        |   106 |   135 |   152 ||   393
       Headbutt          |    18 |    25 |    44 ||    87
       Unarmed           |       |     3 |       ||     3
Evoke: Wand              |       |       |     1 ||     1
  Use: Potion            |       |     4 |     9 ||    13
       Scroll            |       |     8 |     2 ||    10
  Eat: Chunk             |       |     5 |     6 ||    11
Armor: Scale mail        |    45 |    87 |    29 ||   161
       Skin              |       |     2 |       ||     2
       Chain mail        |       |       |    10 ||    10
Dodge: Dodged            |    53 |    77 |    46 ||   176
Block: Shield            |    47 |   105 |    64 ||   216
       Rpst.: Long sword |    10 |    16 |    11 ||    37
